AoeStats
← ALIKOG_IR

Arena

507108419Analyzed
4v4 RM · 15d ago on Sep 16, 2026· 45m 34s· 8 players
Game mode
Random Map
Map size
Large (8 player)
Population
200
Speed
Normal
Resources
Standard
Victory
Conquest
Starting age
Dark Age
Ending age
Imperial Age
RankedLock teamsTeams togetherTeam positionsShared explorationLock speedFull tech treeHidden civsTurbo modeCheats
Victory
Defeat
🇯🇴 Turks · Jordan
1124
+12
🇩🇪 Muisca · Germany
1086
+14
🇦🇹 Magyars · Austria
1077
+14
🇮🇶 Vietnamese · Iraq
1030
+16
🇦🇷 Byzantines · Argentina
1240
-21
🇺🇦 Dravidians · Ukraine
1114
-17
🇧🇷 Chinese · Brazil
970
-11
🇺🇸 Italians · United States
836
-7
KickerikiMachtderHuhn
6:04 Loom
11:42 Feudal Age
17:37 Castle Age
15:57 Double-Bit Axe
16:06 Horse Collar
17:56 Scale Mail Armor
18:43 Bow Saw
19:19 Town Watch
21:00 Gold Mining
21:13 Stone Mining
21:59 Champi Runner
24:10 Fletching
25:24 Ballistics
26:04 Padded Archer Armor
26:28 Heavy Plow
27:23 Wheelbarrow
28:50 Gold Shaft Mining
28:38 Murder Holes
29:03 Hand Cart
33:17 Imperial Age
31:41 Masonry
30:53 Champi Warrior
31:51 Leather Archer Armor
31:54 Bodkin Arrow
32:52 Forging
33:16 Thumb Ring
34:54 Conscription
34:43 Bracer
35:49 Two-Man Saw
35:20 Crop Rotation
34:38 Elite Champi Warrior
35:31 Pikeman
36:49 Squires
37:26 Elite Guecha Warrior
38:42 Chain Mail Armor
39:03 Iron Casting
39:48 Stone Shaft Mining
40:18 Chemistry
41:26 Plate Mail Armor
40:58 Town Patrol
stYx
11:00 Feudal Age
15:03 Castle Age
13:23 Horse Collar
14:09 Double-Bit Axe
20:10 Loom
21:04 Wheelbarrow
21:32 Bow Saw
22:20 Heavy Plow
23:37 Bloodlines
23:16 Light Cavalry
24:44 Hand Cart
25:29 Scale Barding Armor
26:43 Chain Barding Armor
26:41 Gold Mining
30:25 Husbandry
34:02 Imperial Age
35:27 Conscription
34:37 Cavalier
37:39 Elite Skirmisher
38:31 Paladin
40:32 Plate Barding Armor
aryaszahir958
9:38 Feudal Age
10:33 Horse Collar
10:51 Double-Bit Axe
14:57 Loom
17:35 Castle Age
18:41 Stone Mining
19:09 Heavy Plow
19:23 Bow Saw
20:28 Gold Mining
26:44 Wheelbarrow
26:12 Fletching
28:05 Hand Cart
31:58 Imperial Age
31:02 Chatras
30:54 Elite Skirmisher
31:59 Bodkin Arrow
32:04 Padded Archer Armor
32:11 Scale Barding Armor
32:08 Scale Mail Armor
32:24 Thumb Ring
33:39 Chemistry
32:43 Bracer
32:21 Elite Rattan Archer
32:48 Imperial Skirmisher
33:48 Leather Archer Armor
33:42 Scale Mail Armor
35:53 Chain Barding Armor
36:10 Ring Archer Armor
35:43 Scale Mail Armor
36:03 Chain Barding Armor
37:32 Elite Battle Elephant
39:36 Husbandry
39:46 Bloodlines
JorDaN
0:32 Loom
11:45 Feudal Age
13:01 Wheelbarrow
12:47 Gold Mining
12:45 Double-Bit Axe
18:34 Castle Age
17:01 Horse Collar
23:27 Imperial Age
38:46 Bow Saw
38:38 Heavy Plow
SHiNiKi9585
9:58 Feudal Age
13:59 Castle Age
12:52 Horse Collar
17:52 Loom
21:14 Double-Bit Axe
26:11 Bow Saw
26:08 Heavy Plow
29:19 Fletching
29:30 Padded Archer Armor
31:15 Wheelbarrow
30:26 Town Watch
30:53 Thumb Ring
30:47 Bodkin Arrow
31:14 Squires
30:36 Man-at-Arms
31:45 Long Swordsman
34:00 Forging
33:51 Scale Mail Armor
34:27 Leather Archer Armor
34:13 Scale Mail Armor
36:40 Chain Mail Armor
37:01 Iron Casting
40:11 Imperial Age
40:06 Hand Cart
41:12 Conscription
40:24 Elite Genoese Crossbowman
41:29 Ballistics
42:10 Chemistry
40:53 Two-Handed Swordsman
42:19 Champion
Mr_S00R
0:36 Loom
11:40 Feudal Age
16:15 Castle Age
15:28 Double-Bit Axe
16:23 Wheelbarrow
15:36 Horse Collar
18:10 Fervor
21:12 Bow Saw
22:15 Heavy Plow
26:56 Stone Mining
26:56 Gold Mining
29:17 Forging
29:12 Scale Barding Armor
30:10 Fletching
30:20 Padded Archer Armor
30:39 Hand Cart
30:10 Town Watch
31:20 Town Patrol
33:50 Imperial Age
32:02 Gold Shaft Mining
32:35 Stone Shaft Mining
33:45 Iron Casting
33:30 Chain Barding Armor
33:14 Scale Mail Armor
33:12 Bodkin Arrow
33:32 Leather Archer Armor
33:42 Ballistics
33:18 Murder Holes
34:20 Squires
35:34 Blast Furnace
34:37 Bracer
34:21 Elite Chu Ko Nu
35:51 Elite Fire Lancer
39:25 Ring Archer Armor
39:11 Chain Mail Armor
40:20 Chemistry
39:33 Fortified Wall
41:30 Plate Mail Armor
42:21 Pikeman
ALIKOG_IR
10:21 Feudal Age
14:17 Castle Age
12:46 Double-Bit Axe
13:25 Horse Collar
24:45 Heavy Plow
24:09 Elite Skirmisher
24:34 Loom
24:46 Gold Mining
25:31 Fletching
29:05 Imperial Age
27:08 Bodkin Arrow
27:35 Ballistics
27:59 Padded Archer Armor
29:43 Leather Archer Armor
31:03 Chemistry
29:27 Crossbowman
30:46 Bracer
32:32 Arbalester
Alvinangus
10:04 Feudal Age
11:02 Loom
14:15 Castle Age
13:43 Wheelbarrow
20:47 Double-Bit Axe
21:48 Horse Collar
23:42 Hand Cart
24:31 Bow Saw
24:23 Heavy Plow
30:04 Imperial Age
27:59 Padded Archer Armor
27:49 Fletching
27:59 Padded Archer Armor
27:49 Fletching
28:42 Thumb Ring
29:03 Fortified Wall
29:04 Masonry
29:21 Bodkin Arrow
29:41 Leather Archer Armor
29:21 Bodkin Arrow
29:41 Leather Archer Armor
29:21 Bodkin Arrow
29:55 Ballistics
29:30 Gold Mining
29:32 Stone Mining
29:32 Town Watch
30:19 Elite Elephant Archer
32:19 Chemistry
31:58 Masonry
31:43 Murder Holes
32:09 Bracer
35:04 Ring Archer Armor
37:02 Man-at-Arms
37:28 Gambesons
37:43 Squires
38:10 Conscription
38:13 Long Swordsman
38:42 Arson
39:09 Forging
38:59 Scale Mail Armor
38:46 Two-Handed Swordsman
39:56 Wootz Steel
39:52 Guilds
40:08 Bombard Tower
40:01 Champion
Connection lost

Rejoining the realm…

Still unreachable

The connection could not be restored.

Session expired

The server has moved on; the page needs a fresh start.